TOP OF THE 1ST |
Phoenix Giants batting - Pitching for Spokane Indians : LHP Joe Hesketh
|
Pitching: LHP Joe Hesketh
|
|
Batting: LHB Gordon Hahn
|
0-0: Foul Ball, location: 2F 0-1: Ball 1-1: Called Strike 1-2: Foul Ball, location: 2F 1-2: Foul Ball, location: 2F 1-2: Strikes out swinging
|
Batting: LHB Glenn Arnett
|
0-0: Ball 1-0: Ball 2-0: Foul Ball, location: 2F 2-1: Called Strike 2-2: Ground out 4-3 (Groundball, 4S, EV 83.8 MPH)
|
Batting: LHB Ernie Riles
|
0-0: Called Strike 0-1: Ball 1-1: Ball 2-1: Foul Ball, location: 2F 2-2: Fly out, F8 (Flyball, 8LD, EV 90.0 MPH)
|
Top of the 1st over - 0 runs, 0 hits, 0 errors, 0 left on base; Phoenix 0 - Spokane 0 |
BOTTOM OF THE 1ST |
Spokane Indians batting - Pitching for Phoenix Giants : LHP Robert Blake
|
Pitching: LHP Robert Blake
|
|
Batting: SHB Jose Oquendo
|
0-0: Called Strike 0-1: Ball 1-1: Called Strike 1-2: Foul Ball, location: 2F 1-2: SINGLE (Line Drive, 4M, EV 101.3 MPH)
|
Batting: LHB Stu Pederson
|
0-0: Ball 1-0: Called Strike 1-1: Swinging Strike 1-2: Foul Ball, location: 2F 1-2: SINGLE (Flyball, 34D, EV 88.8 MPH) Jose Oquendo to second
|
Batting: RHB Bill Schroeder
|
0-0: Foul Ball, location: 2F 0-1: Ball 1-1: Called Strike 1-2: Grounds into double play, 6-4-3 (Groundball, 6, EV 83.1 MPH) Jose Oquendo to third
|
Batting: LHB Darren Daulton
|
0-0: Ball 1-0: Ball 2-0: SINGLE (Line Drive, 89S, EV 91.9 MPH) Jose Oquendo scores
|
Batting: RHB Matthew Tyner
|
0-0: Ball 1-0: Ball Darren Daulton steals 2nd base 2-0: Ball 3-0: Called Strike 3-1: 2-RUN HOME RUN (Flyball, 7LD, EV 96.9 MPH), Distance : 361 ft
|
Batting: SHB Mark Gillaspie
|
0-0: Ball 1-0: Foul Ball, location: 2F 1-1: Swinging Strike 1-2: Ball 2-2: Ball 3-2: Strikes out swinging
|
Bottom of the 1st over - 3 runs, 4 hits, 0 errors, 0 left on base; Phoenix 0 - Spokane 3 |
TOP OF THE 2ND |
Phoenix Giants batting - Pitching for Spokane Indians : LHP Joe Hesketh
|
Batting: SHB John Macauley
|
0-0: Ball 1-0: Ball 2-0: Ball 3-0: Called Strike 3-1: Foul Ball, location: 2F 3-2: Foul Ball, location: 2F 3-2: Base on Balls
|
Batting: RHB Paul Zuvella
|
0-0: Ball 1-0: Called Strike 1-1: Ball 2-1: 2-RUN HOME RUN (Flyball, 7D, EV 101.3 MPH), Distance : 362 ft
|
Batting: LHB Joseph Bruno
|
0-0: Ball 1-0: Fly out, F8 (Flyball, 8RM, EV 86.9 MPH)
|
Batting: RHB Adam Veldman
|
0-0: Ground out 6-3 (Groundball, 6MS, EV 75.6 MPH)
|
Batting: SHB Razor Shines
|
0-0: Called Strike 0-1: Ball 1-1: Swinging Strike 1-2: Strikes out looking
|
Top of the 2nd over - 2 runs, 1 hit, 0 errors, 0 left on base; Phoenix 2 - Spokane 3 |
BOTTOM OF THE 2ND |
Spokane Indians batting - Pitching for Phoenix Giants : LHP Robert Blake
|
Batting: RHB Larry Fobbs
|
0-0: Called Strike 0-1: Ball 1-1: Ball 2-1: Called Strike 2-2: DOUBLE (Flyball, 8RXD, EV 115.6 MPH)
|
Batting: LHB John Elder
|
0-0: Foul Ball, location: 2F 0-1: Called Strike 0-2: Strikes out looking
|
Batting: RHB Albert Rausch
|
0-0: Ball 1-0: SINGLE (Groundball, 6MD, EV 100.6 MPH) Larry Fobbs to third Runner from 3rd tries for Home, SAFE, throw by CF to home Albert Rausch to second
|
Batting: SHB Jose Oquendo
|
0-0: Ball 1-0: Ball 2-0: Called Strike 2-1: Fly out, F8 (Line Drive, 8RD, EV 110.6 MPH)
|
Batting: LHB Stu Pederson
|
0-0: Ball 1-0: Ball 2-0: Foul Ball, location: 2F 2-1: Foul Ball, location: 2F 2-2: Ground out 4-3 (Groundball, 4S, EV 92.5 MPH)
|
Bottom of the 2nd over - 1 run, 2 hits, 0 errors, 1 left on base; Phoenix 2 - Spokane 4 |
TOP OF THE 3RD |
Phoenix Giants batting - Pitching for Spokane Indians : LHP Joe Hesketh
|
Batting: LHB Frank Gill
|
0-0: Called Strike 0-1: Fly out, F4 (Line Drive, 4, EV 73.8 MPH)
|
Batting: LHB Gordon Hahn
|
0-0: Swinging Strike 0-1: Ball 1-1: Ground out 6-3 (Groundball, 6, EV 80.0 MPH)
|
Batting: LHB Glenn Arnett
|
0-0: Ball 1-0: Ball 2-0: Ground out 6-3 (Groundball, 6S, EV 61.3 MPH)
|
Top of the 3rd over - 0 runs, 0 hits, 0 errors, 0 left on base; Phoenix 2 - Spokane 4 |
BOTTOM OF THE 3RD |
Spokane Indians batting - Pitching for Phoenix Giants : LHP Robert Blake
|
Batting: RHB Bill Schroeder
|
0-0: Ball 1-0: Ground out 5-3 (Groundball, 5, EV 85.0 MPH)
|
Batting: LHB Darren Daulton
|
0-0: Foul Ball, location: 2F 0-1: Ground out 4-3 (Groundball, 34, EV 85.6 MPH)
|
Batting: RHB Matthew Tyner
|
0-0: Ball 1-0: Called Strike 1-1: SINGLE (Groundball, 5D, EV 103.1 MPH)
|
Batting: SHB Mark Gillaspie
|
Pickoff Throw to First - Out! 1-3
|
Bottom of the 3rd over - 0 runs, 1 hit, 0 errors, 0 left on base; Phoenix 2 - Spokane 4 |
TOP OF THE 4TH |
Phoenix Giants batting - Pitching for Spokane Indians : LHP Joe Hesketh
|
Batting: LHB Ernie Riles
|
0-0: Called Strike 0-1: Foul Ball, location: 2F 0-2: Ball 1-2: SINGLE (Line Drive, 7LS, EV 105.0 MPH)
|
Batting: SHB John Macauley
|
0-0: Ball 1-0: Fly out, F8 (Line Drive, 8RM, EV 103.1 MPH)
|
Batting: RHB Paul Zuvella
|
0-0: Ball 1-0: Foul Ball, location: 2F 1-1: Swinging Strike 1-2: Foul Ball, location: 2F 1-2: Ball 2-2: Foul Ball, location: 2F 2-2: Ball 3-2: Foul Ball, location: 2F 3-2: Fielders Choice at 2nd, 4-6 (Groundball, 34, EV 82.5 MPH)
|
Batting: LHB Joseph Bruno
|
0-0: Ball 1-0: Called Strike 1-1: Ball 2-1: SINGLE (Line Drive, 89S, EV 111.9 MPH) Paul Zuvella to second Runner from 2nd tries for 3rd, SAFE, no throw by RF
|
Batting: RHB Adam Veldman
|
0-0: DOUBLE (Flyball, 78XD, EV 111.3 MPH) Paul Zuvella scores Joseph Bruno to third Runner from 3rd tries for Home, SAFE, no throw by LF
|
Batting: SHB Razor Shines
|
0-0: Swinging Strike 0-1: Ball 1-1: SINGLE (Groundball, 56D, EV 98.1 MPH) Adam Veldman to third Runner from 3rd tries for Home, SAFE, throw by LF to home
|
Batting: LHB Frank Gill
|
0-0: Ball 1-0: Ball 2-0: Called Strike 2-1: SINGLE (Line Drive, 89M, EV 100.6 MPH) Razor Shines to second Runner from 2nd tries for 3rd, SAFE, no throw by RF
|
Batting: LHB Gordon Hahn
|
0-0: Fly out, F8 (Line Drive, 8RM, EV 91.9 MPH)
|
Top of the 4th over - 3 runs, 5 hits, 0 errors, 2 left on base; Phoenix 5 - Spokane 4 |
BOTTOM OF THE 4TH |
Spokane Indians batting - Pitching for Phoenix Giants : LHP Robert Blake
|
Batting: SHB Mark Gillaspie
|
0-0: Called Strike 0-1: Ball 1-1: Ball 2-1: Foul Ball, location: 2F 2-2: Ball 3-2: Foul Ball, location: 2F 3-2: Fly out, F7 (Line Drive, 7D, EV 97.5 MPH)
|
Batting: RHB Larry Fobbs
|
0-0: Ball 1-0: Ball 2-0: Ball 3-0: Base on Balls
|
Batting: LHB John Elder
|
0-0: Ball 1-0: Ball 2-0: Foul Ball, location: 2F 2-1: Called Strike 2-2: SINGLE (Groundball, 6MD, EV 98.8 MPH) Larry Fobbs to second Runner from 2nd tries for 3rd, SAFE, throw by CF made to third
|
Batting: RHB Albert Rausch
|
0-0: SINGLE (Groundball, 34D, EV 104.4 MPH) Larry Fobbs scores John Elder to second Runner from 2nd tries for 3rd, SAFE, throw by RF made to third
|
Pitching: RHP Terry Cornutt
|
|
Batting: SHB Jose Oquendo
|
0-0: Called Strike 0-1: Ball 1-1: Ball 2-1: Foul Ball, location: 2F 2-2: Ball 3-2: Fly out, F7 (Flyball, 7LM, EV 84.4 MPH) Runner from 3rd tags up, SCORES, throw by LF
|
Batting: LHB Stu Pederson
|
0-0: Called Strike 0-1: Called Strike 0-2: Ball 1-2: Fly out, F9 (Flyball, 9D, EV 91.9 MPH)
|
Bottom of the 4th over - 2 runs, 2 hits, 0 errors, 1 left on base; Phoenix 5 - Spokane 6 |
TOP OF THE 5TH |
Phoenix Giants batting - Pitching for Spokane Indians : LHP Joe Hesketh
|
Batting: LHB Glenn Arnett
|
0-0: Called Strike 0-1: Swinging Strike 0-2: Ball 1-2: Ball 2-2: Fly out, F6 (Popup, 56, EV 66.3 MPH)
|
Batting: LHB Ernie Riles
|
0-0: Ball 1-0: Ball 2-0: Called Strike 2-1: Foul Ball, location: 2F 2-2: Strikes out swinging
|
Batting: SHB John Macauley
|
0-0: Called Strike 0-1: Ball 1-1: Foul Ball, location: 2F 1-2: Strikes out swinging
|
Top of the 5th over - 0 runs, 0 hits, 0 errors, 0 left on base; Phoenix 5 - Spokane 6 |
BOTTOM OF THE 5TH |
Spokane Indians batting - Pitching for Phoenix Giants : RHP Terry Cornutt
|
Batting: RHB Bill Schroeder
|
0-0: Called Strike 0-1: Ball 1-1: Foul Ball, location: 2F 1-2: Strikes out swinging
|
Batting: LHB Darren Daulton
|
0-0: Ball 1-0: Fly out, F9 (Flyball, 9, EV 71.3 MPH)
|
Batting: RHB Matthew Tyner
|
0-0: Ball 1-0: Called Strike 1-1: Ball 2-1: Swinging Strike 2-2: Ball 3-2: Strikes out swinging
|
Bottom of the 5th over - 0 runs, 0 hits, 0 errors, 0 left on base; Phoenix 5 - Spokane 6 |
TOP OF THE 6TH |
Phoenix Giants batting - Pitching for Spokane Indians : LHP Joe Hesketh
|
Batting: RHB Paul Zuvella
|
0-0: Ball 1-0: Ball 2-0: Ball 3-0: Base on Balls
|
Batting: LHB Joseph Bruno
|
0-0: Called Strike 0-1: Ball 1-1: Foul Ball, location: 2F 1-2: Ball 2-2: Foul Ball, location: 2F 2-2: Fielders Choice at 2nd, 4-6 (Groundball, 34, EV 83.8 MPH)
|
Batting: RHB Adam Veldman
|
0-0: Called Strike 0-1: Ball Joseph Bruno steals 2nd base (no throw) 1-1: Ball 2-1: Fly out, F8 (Flyball, 8LS, EV 75.6 MPH)
|
Batting: SHB Razor Shines
|
0-0: Swinging Strike 0-1: Ball 1-1: Swinging Strike 1-2: Strikes out swinging
|
Top of the 6th over - 0 runs, 0 hits, 0 errors, 1 left on base; Phoenix 5 - Spokane 6 |
BOTTOM OF THE 6TH |
Spokane Indians batting - Pitching for Phoenix Giants : RHP Terry Cornutt
|
Batting: SHB Mark Gillaspie
|
0-0: Ball 1-0: Ball 2-0: Ball 3-0: Called Strike 3-1: Base on Balls
|
Batting: RHB Larry Fobbs
|
0-0: Ground out 5-3 (Groundball, 56, EV 90.6 MPH) Mark Gillaspie to second
|
Batting: LHB John Elder
|
0-0: Ball 1-0: Called Strike 1-1: Swinging Strike 1-2: Foul Ball, location: 2F 1-2: Ball 2-2: Ball 3-2: Fly out, F9 (Flyball, 9S, EV 93.1 MPH)
|
Batting: RHB Albert Rausch
|
0-0: Ball 1-0: SINGLE (Line Drive, 89S, EV 101.9 MPH) Mark Gillaspie to third Runner from 3rd tries for Home, SAFE, throw by RF to home Albert Rausch to second
|
Batting: SHB Jose Oquendo
|
0-0: Called Strike 0-1: Foul Ball, location: 2F 0-2: Foul Ball, location: 2F 0-2: Ball 1-2: Fly out, F5 (Line Drive, 5, EV 70.0 MPH)
|
Bottom of the 6th over - 1 run, 1 hit, 0 errors, 1 left on base; Phoenix 5 - Spokane 7 |
TOP OF THE 7TH |
Phoenix Giants batting - Pitching for Spokane Indians : LHP Joe Hesketh
|
Batting: LHB Frank Gill
|
0-0: Ball 1-0: Ground out 4-3 (Groundball, 4, EV 81.9 MPH)
|
Batting: LHB Gordon Hahn
|
0-0: Foul Ball, location: 2F 0-1: Ball 1-1: Called Strike 1-2: SINGLE (Groundball, 4MD, EV 96.9 MPH)
|
Batting: LHB Glenn Arnett
|
0-0: Called Strike 0-1: Swinging Strike 0-2: Foul Ball, location: 2F 0-2: Ball Gordon Hahn steals 2nd base 1-2: Fly out, F7 (Flyball, 7D, EV 91.9 MPH) Runner from 2nd tags up, SAFE at 3rd, no throw by LF
|
Batting: LHB Ernie Riles
|
0-0: Ball 1-0: Called Strike 1-1: Foul Ball, location: 2F 1-2: Ball 2-2: Ground out 4-3 (Groundball, 4M, EV 88.8 MPH)
|
Top of the 7th over - 0 runs, 1 hit, 0 errors, 1 left on base; Phoenix 5 - Spokane 7 |
BOTTOM OF THE 7TH |
Spokane Indians batting - Pitching for Phoenix Giants : RHP Terry Cornutt
|
Batting: LHB Stu Pederson
|
0-0: Called Strike 0-1: Ball 1-1: Called Strike 1-2: Foul Ball, location: 2F 1-2: Fly out, F7 (Flyball, 78D, EV 82.5 MPH)
|
Batting: RHB Bill Schroeder
|
0-0: Ball 1-0: Foul Ball, location: 2F 1-1: Swinging Strike 1-2: Ball 2-2: Foul Ball, location: 2F 2-2: Ball 3-2: Foul Ball, location: 2F 3-2: Fly out, F8 (Flyball, 8LD, EV 78.1 MPH)
|
Batting: LHB Darren Daulton
|
0-0: Ground out 4-3 (Groundball, 4M, EV 86.9 MPH)
|
Bottom of the 7th over - 0 runs, 0 hits, 0 errors, 0 left on base; Phoenix 5 - Spokane 7 |
TOP OF THE 8TH |
Phoenix Giants batting - Pitching for Spokane Indians : LHP Joe Hesketh
|
Batting: SHB John Macauley
|
0-0: Ball 1-0: Foul Ball, location: 2F 1-1: Ball 2-1: Swinging Strike 2-2: Foul Ball, location: 2F 2-2: Fly out, F8 (Flyball, 8LXD, EV 90.6 MPH)
|
Batting: RHB Paul Zuvella
|
0-0: Ball 1-0: Ball 2-0: Ball 3-0: Called Strike 3-1: Swinging Strike 3-2: SINGLE (Groundball, 4MD, EV 106.9 MPH)
|
Batting: LHB Joseph Bruno
|
0-0: Called Strike 0-1: Fielders Choice at 2nd, 4-6 (Groundball, 4, EV 86.9 MPH)
|
Batting: RHB Adam Veldman
|
0-0: Called Strike 0-1: Ball 1-1: Ground out 4-3 (Groundball, 4MS, EV 86.3 MPH)
|
Top of the 8th over - 0 runs, 1 hit, 0 errors, 1 left on base; Phoenix 5 - Spokane 7 |
BOTTOM OF THE 8TH |
Spokane Indians batting - Pitching for Phoenix Giants : RHP Terry Cornutt
|
Batting: RHB Matthew Tyner
|
0-0: Ball 1-0: Called Strike 1-1: Swinging Strike 1-2: Strikes out swinging
|
Batting: SHB Mark Gillaspie
|
0-0: Ball 1-0: Foul Ball, location: 2F 1-1: Swinging Strike 1-2: Strikes out looking
|
Batting: RHB Larry Fobbs
|
0-0: Ball 1-0: Called Strike 1-1: Ground out U3 (Groundball, 3S, EV 87.5 MPH)
|
Bottom of the 8th over - 0 runs, 0 hits, 0 errors, 0 left on base; Phoenix 5 - Spokane 7 |
TOP OF THE 9TH |
Phoenix Giants batting - Pitching for Spokane Indians : LHP Joe Hesketh
|
Pitching: RHP Albert Williams
|
|
Now at 1B: Dave Stockstill
|
|
Batting: SHB Razor Shines
|
0-0: Called Strike 0-1: Ball 1-1: Ground out U3 (Groundball, 34, EV 99.4 MPH)
|
Batting: LHB Frank Gill
|
0-0: Ball 1-0: Ball 2-0: Ball 3-0: Called Strike 3-1: SINGLE (Line Drive, 8LS, EV 89.4 MPH)
|
Batting: LHB Gordon Hahn
|
0-0: Fly out, F9 (Flyball, 89M, EV 88.1 MPH)
|
Pinch Hitting: LHB Mike Reynolds
|
0-0: Called Strike 0-1: Ground out 4-3 (Groundball, 34, EV 80.0 MPH)
|
Top of the 9th over - 0 runs, 1 hit, 0 errors, 1 left on base; Phoenix 5 - Spokane 7 |
|